 Dungeon Crawl Stone Soup version 0.20-a0-613-g92415a4 (webtiles) character file.

96936 MrPlanck the Cruncher (level 16, -15/132 HPs)
             Began as a Ghoul Assassin on Feb 7, 2017.
             Was a Follower of Uskayaw.
             Demolished by a sun demon (16 damage)
             ... summoned by an orc high priest
             ... on level 1 of the Orcish Mines on Feb 8, 2017.
             The game lasted 02:01:27 (29978 turns).

MrPlanck the Cruncher (Ghoul Assassin)             Turns: 29978, Time: 02:01:27

Health: -15/132    AC: 26    Str: 19    XL:     16   Next: 18%
Magic:  19/19      EV: 11    Int:  8    God:    Uskayaw [*.....]
Gold:   1670       SH:  0    Dex: 11    Spells: 15/15 levels left

rFire    + . .     SeeInvis +   a - +3 lajatang (elec)
rCold    + . .     Gourm    .   h - +3 plate armour "Kerabisamorgh" {rElec}
rNeg     + + +     Faith    .   (shield currently unavailable)
rPois    ∞         Spirit   .   M - +2 helmet
rElec    +         Reflect  .   G - +1 cloak
rCorr    .         Harm     .   (no gloves)
MR       +....                  K - +0 pair of boots
Stlth    ..........             (no amulet)
Regen    0.2/turn               i - ring of protection from fire
                                s - ring of see invisible

@: about to teleport, very slightly contaminated, rotting, hasted, very quick
A: rotting body, claws 1, carnivore 3, cold resistance 1, negative energy
resistance 3, slow regeneration 1, torment resistance, unbreathing
a: Stomp, Renounce Religion


You were on level 1 of the Orcish Mines.
You worshipped Uskayaw.
Uskayaw was noncommittal.
You were not hungry.

You visited 4 branches of the dungeon, and saw 23 of its levels.

You collected 1880 gold pieces.
You spent 210 gold pieces at shops.

Inventory:

Hand Weapons
 a - a +3 lajatang of electrocution (weapon)
 b - a +1 blowgun
 c - the +3 quarterstaff of Turmoil {protect, rC+ Dex+2}
   (You found it on level 7 of the Dungeon)

   It protects the one who uses it against injury (+AC on strike).
   It affects your dexterity (+2).
   It protects you from cold.
Missiles
 e - 64 poisoned needles
 f - a curare-tipped needle
 w - 12 tomahawks (quivered)
 O - a poisoned tomahawk
 Q - 6 javelins
 Z - 8 needles of sleeping
Armour
 h - the +3 plate armour "Kerabisamorgh" (worn) {rElec}
   (You acquired it on level 12 of the Dungeon)

   It insulates you from electricity.
 G - a +1 cloak (worn)
 K - a +0 pair of boots (worn)
 M - a +2 helmet (worn)
Jewellery
 i - a ring of protection from fire (right claw)
 o - an uncursed amulet of harm
 s - a ring of see invisible (left claw)
Wands
 d - a wand of clouds (2/9)
 m - a wand of lightning (1/15)
 p - a wand of digging (0/24)
 r - a wand of disintegration (6/24)
 v - a wand of iceblast (1/15)
 z - a wand of confusion (16/48)
 B - a wand of acid (0/15)
 I - a wand of lightning (0/15)
 J - a wand of polymorph (16/24)
 L - a wand of digging (12/24)
 P - a wand of polymorph (6/24)
 S - a wand of confusion (11/48)
 V - a wand of polymorph (5/24)
 W - a wand of digging (12/24)
Scrolls
 t - 3 scrolls of fog
 u - 3 scrolls of magic mapping
 x - 3 scrolls of recharging
 R - 6 scrolls of teleportation
 U - 2 scrolls of remove curse
 Y - a scroll of silence
Potions
 j - 7 potions of brilliance
 k - 2 potions of haste
 l - 5 potions of flight
 n - 3 potions of magic
 q - 2 potions of might
 A - a potion of cancellation {unknown}
Miscellaneous
 F - a box of beasts
Comestibles
 g - 15 meat rations
 C - 14 royal jellies


   Skills:
 + Level 9.5 Fighting
   Level 1.7 Short Blades
 + Level 13.1 Staves
 - Level 7.2 Throwing
 * Level 11.9 Armour
 * Level 11.9 Dodging
 - Level 6.0 Stealth
 - Level 8.5 Unarmed Combat
 - Level 6.4 Invocations
 - Level 6.4 Evocations


You had 15 spell levels left.
You didn't know any spells.

Dungeon Overview and Level Annotations

Branches:
Dungeon (15/15)            Temple (1/1) D:7            Lair (6/6) D:11
 Shoals (0/4) Lair:2       Spider (0/4) Lair:2        Slime (0/5) Lair:5
    Orc (1/2) D:11         Vaults (0/5) D:14         Depths (0/5) D:15

Altars:
Ashenzari
Cheibriados
Dithmenos
Elyvilon
Fedhas
Gozag
Hepliaklqana
Kikubaaqudgha
Makhleb
Nemelex Xobeh
Okawaru
Qazlal
Ru
Sif Muna
Trog
Uskayaw
Vehumet
Xom
Yredelemnul
Zin
The Shining One
Jiyva

Shops:
D:5 =

Annotations:
D:4 exclusion: ogre
D:5 exclusion: downstairs, deifeln's ghost, novice FoAK
D:6 exclusion: downstairs
D:7 GlassEater's ghost, novice KoBe
D:8 exclusion: downstairs
D:9 GlassEater's ghost, journeyman KoBe
D:11 exclusion: downstairs
Lair:3 exclusion: downstairs
Lair:4 mathmaestro's ghost, journeyman OgBe
Lair:5 exclusion: 2 downstairs
Lair:6 Kirke


Innate Abilities, Weirdness & Mutations

Your body is rotting away.
You thrive on raw meat.
You are immune to poison.
You have sharp fingernails.
You are carnivorous and can eat meat at any time.
Your flesh is cold resistant. (rC+)
You are immune to negative energy. (rN+++)
You regenerate slowly when monsters are visible.
You are immune to unholy pain and torment.
You can survive without breathing.


Message History

You feel much better.
The sun demon hits you but does no damage.
As you read the scroll of teleportation, it crumbles to dust.
You feel strangely unstable. The sun demon hits you!!
* * * LOW HITPOINT WARNING * * *
You are engulfed in flames!
You resist.
* * * LOW HITPOINT WARNING * * *
The sun demon hits you but does no damage.
Unknown command.
Enter note: unreal You feel better.
The sun demon hits you!
* * * LOW HITPOINT WARNING * * *
You are engulfed in flames!
You resist.
* * * LOW HITPOINT WARNING * * *
You feel better. The sun demon hits you!
* * * LOW HITPOINT WARNING * * *
You are engulfed in flames.
You resist.
* * * LOW HITPOINT WARNING * * *
You feel yourself speed up. The sun demon hits you!
You die...

O. ..
####o.#.. ###
......... #@#
.........
#3##
#..#..8.. #4#
)........ #3#
4.(...... #5#
'o#########o#
))oo)#.3)#o#
..)8.#44#O##
.....ooo##.#


You could see an orc high priest, a sun demon, a rust devil, a neqoxec, an ogre,
an orc priest and a shadow imp.

Vanquished Creatures
  Snorg (D:14)
  An ettin (Orc:1)
  A yaktaur captain (D:15)
  Josephine (Orc:1)
  Fannar (Orc:1)
  An ice dragon (D:12)
  6 hydras
  4 catoblepae (Lair:6)
  9 death yaks
  4 centaur warriors
  13 two-headed ogres
  An ogre mage (D:14)
  A tengu warrior (D:13)
  A deep elf knight (D:14)
  A skeletal warrior (D:14)
  A fire crab (shapeshifter) (D:15)
  2 wizards
  3 unseen horrors
  A phantasmal warrior (D:12)
  2 wolf spiders (Lair:2)
  An orc sorcerer (Orc:1)
  14 ugly things
  3 manticores
  4 deep elf magi
  3 cyclopes
  9 elephants
  4 merfolk sirens
  Maurice (D:13)
  6 black mambas
  A gargoyle (D:13)
  2 molten gargoyles (Lair:3)
  15 spiny frogs
  6 yaktaurs
  4 komodo dragons
  7 rime drakes
  A freezing wraith (D:12)
  A troll (D:14)
  2 hornets (D:11)
  A polar bear (Lair:5)
  12 hippogriffs
  13 blink frogs
  3 slime creatures
  2 dream sheep (D:9)
  3 redbacks (Lair:2)
  3 shadows (D:11)
  A vampire (D:14)
  A water elemental (D:12)
  5 wyverns
  2 hogs (Lair:6)
  4 wraiths
  53 yaks
  2 hungry ghosts
  2 steam dragons
  3 basilisks
  6 vampire mosquitoes
  A warg (Orc:1)
  A soldier ant (D:14)
  3 acid dragons
  2 insubstantial wisps (D:12)
  Edmund (D:5)
  7 water moccasins
  6 sky beasts
  7 porcupines
  15 orc warriors
  2 phantoms
  A hornet zombie (D:7)
  4 black bears
  3 eyes of draining
  A necrophage (D:8)
  14 ogres
  6 wolves
  19 centaurs
  9 crocodiles
  26 bullfrogs
  7 big kobolds
  A scorpion (D:8)
  13 wights
  4 electric eels
  5 lava snakes (Lair:3)
  3 bullfrog zombies
  5 centaur zombies
  5 crimson imps
  A quasit (D:12)
  6 jellies
  4 hounds
  15 orc priests
  3 bullfrog skeletons
  11 centaur skeletons
  16 orc wizards
  Crazy Yiuf (D:7)
  10 iguanas
  12 worker ants
  A killer bee zombie (D:7)
  A hound zombie (D:10)
  3 hound skeletons
  A worker ant zombie (D:6)
  8 gnolls (D:7)
  2 howler monkey skeletons
  13 adders
  4 shadow imps
  3 oozes
  An adder zombie (D:7)
  2 adder skeletons
  6 worms
  6 leopard geckos
  62 orcs
  8 giant cockroaches
  10 goblins
  4 hobgoblins
  15 jackals
  17 kobolds
  4 quokkas
  10 bats
  3 frilled lizards
  A jackal skeleton (D:6)
  8 rats
  A fire vortex (D:14)
699 creatures vanquished.

Vanquished Creatures (others)
  13 fungi
  8 plants
21 creatures vanquished.

Grand Total: 720 creatures vanquished

Notes
Turn   | Place    | Note
-------+----------+-------------------------------------------
     0 | D:1      | MrPlanck the Ghoul Assassin began the quest for the Orb.
     0 | D:1      | Reached XP level 1. HP: 17/17 MP: 0/0
   270 | D:1      | Reached skill level 1 in Unarmed Combat
   589 | D:1      | Reached XP level 2. HP: 24/24 MP: 1/1
   854 | D:1      | Reached XP level 3. HP: 26/29 MP: 2/2
  1455 | D:2      | Reached XP level 4. HP: 32/36 MP: 3/3
  2265 | D:3      | Reached XP level 5. HP: 34/41 MP: 4/4
  2368 | D:3      | Reached skill level 5 in Unarmed Combat
  2873 | D:4      | Noticed an ogre
  2899 | D:4      | Reached skill level 1 in Dodging
  3012 | D:4      | Reached XP level 6. HP: 44/48 MP: 5/5
  3279 | D:4      | Reached skill level 1 in Armour
  3731 | D:4      | Found a deep blue altar of Sif Muna.
  3985 | D:5      | Entered Level 5 of the Dungeon
  3988 | D:5      | Found a basalt altar of Yredelemnul.
  4027 | D:5      | Found a glowing golden altar of the Shining One.
  4313 | D:5      | Found Bejo Leo's Jewellery Shop.
  4414 | D:5      | Noticed Edmund
  4465 | D:5      | Killed Edmund
  4465 | D:5      | Reached XP level 7. HP: 20/54 MP: 6/6
  4654 | D:5      | Found a glowing silver altar of Zin.
  4654 | D:5      | Noticed an angel
  4814 | D:5      | Noticed deifeln's ghost (novice FoAK)
  5018 | D:5      | Reached skill level 5 in Stealth
  5424 | D:6      | Found a bloodstained altar of Trog.
  6041 | D:6      | Found a burning altar of Makhleb.
  6467 | D:5      | Reached XP level 8. HP: 53/61 MP: 7/7
  7306 | D:6      | Found a sparkling altar of Nemelex Xobeh.
  7517 | D:6      | Noticed a wraith
  7667 | D:7      | Got a pitted quarterstaff
  7700 | D:7      | Identified the +3 quarterstaff of Turmoil {protect, rC+ Dex+2} (You found it on level 7 of the Dungeon)
  7729 | D:7      | Found a runed door.
  7734 | D:7      | Noticed Crazy Yiuf
  7789 | D:7      | Killed Crazy Yiuf
  8071 | D:7      | Reached skill level 1 in Staves
  8136 | D:7      | Reached XP level 9. HP: 46/67 MP: 8/8
  8242 | D:7      | Noticed GlassEater's ghost (novice KoBe)
  8601 | D:7      | Reached skill level 2 in Staves
  8761 | D:7      | Found a staircase to the Ecumenical Temple.
  8773 | Temple   | Entered the Ecumenical Temple
  8950 | Temple   | Became a worshipper of Uskayaw the Reveler
  9030 | D:6      | Reached * piety under Uskayaw
  9034 | D:6      | Reached ** piety under Uskayaw
  9132 | D:7      | Found an opulent altar of Gozag.
  9222 | D:7      | Reached skill level 3 in Staves
  9289 | D:7      | Reached *** piety under Uskayaw
  9295 | D:7      | Reached **** piety under Uskayaw
  9342 | D:7      | Got a polished chain mail
  9493 | D:7      | Found a hide-covered altar of Uskayaw.
  9699 | D:7      | Found an ancient bone altar of Kikubaaqudgha.
  9829 | D:7      | Reached skill level 4 in Staves
  9842 | D:7      | Found a shadowy altar of Dithmenos.
  9842 | D:7      | Found a white marble altar of Elyvilon.
 10028 | D:7      | Identified the +0 chain mail of Sorcery {Str+4} (You found it on level 7 of the Dungeon)
 10368 | D:5      | Bought an uncursed ring of see invisible for 210 gold pieces
 10517 | D:8      | Reached ***** piety under Uskayaw
 10532 | D:8      | Reached XP level 10. HP: 47/72 MP: 9/9
 10534 | D:8      | Reached skill level 5 in Staves
 10590 | D:8      | Reached skill level 5 in Throwing
 10621 | D:8      | Reached skill level 5 in Armour
 10621 | D:8      | Reached skill level 5 in Dodging
 11232 | D:8      | Noticed a two-headed ogre
 11264 | D:8      | Killed a two-headed ogre
 11264 | D:8      | Reached skill level 6 in Staves
 11479 | D:9      | Noticed GlassEater's ghost (journeyman KoBe)
 12158 | D:9      | Noticed a three-headed hydra
 12164 | D:9      | Killed a one-headed hydra
 12164 | D:9      | Reached skill level 7 in Staves
 12164 | D:9      | Reached XP level 11. HP: 61/79 MP: 10/10
 12189 | D:9      | Noticed a two-headed ogre
 12204 | D:9      | Killed a two-headed ogre
 12420 | D:10     | Entered Level 10 of the Dungeon
 12826 | D:10     | Found a glowing golden altar of the Shining One.
 12964 | D:10     | Noticed a two-headed ogre
 12995 | D:10     | Killed a two-headed ogre
 13094 | D:10     | Reached skill level 8 in Staves
 13173 | D:10     | Noticed a manticore
 13187 | D:10     | Killed a manticore
 13214 | D:10     | Noticed a two-headed ogre
 13312 | D:10     | Killed a two-headed ogre
 14455 | D:11     | Found a staircase to the Lair.
 14619 | D:11     | Noticed an unseen horror
 14659 | D:11     | Killed an unseen horror
 14659 | D:11     | Reached skill level 9 in Staves
 14874 | D:11     | Found a staircase to the Orcish Mines.
 14936 | D:11     | Noticed a red ugly thing
 14951 | D:11     | Killed a red ugly thing
 14951 | D:11     | Reached XP level 12. HP: 87/88 MP: 11/11
 14985 | D:11     | Found a shimmering altar of Xom.
 15349 | D:12     | Noticed a death knight
 15368 | D:11     | Reached skill level 1 in Evocations
 15548 | Lair:1   | Entered Level 1 of the Lair of Beasts
 15980 | Lair:1   | Got a turquoise-encrusted leather armour
 15991 | Lair:1   | Identified the cursed +1 leather armour "Vawuniyrgh" {SInv} (You found it on level 1 of the Lair of Beasts)
 16399 | Lair:1   | Reached skill level 10 in Staves
 16955 | Lair:2   | Upgraded the game from 0.20-a0-556-g892c87b to 0.20-a0-613-g92415a4
 16987 | Lair:2   | Reached skill level 1 in Invocations
 17006 | Lair:2   | Found a staircase to the Shoals.
 17123 | Lair:2   | Noticed a five-headed hydra
 17132 | Lair:2   | Killed a five-headed hydra
 17544 | Lair:2   | Found a hole to the Spider Nest.
 18369 | Lair:3   | Reached XP level 13. HP: 91/99 MP: 14/14
 18974 | Lair:3   | Reached skill level 5 in Fighting
 19453 | Lair:4   | Noticed mathmaestro's ghost (journeyman OgBe)
 19547 | Lair:3   | Reached skill level 5 in Invocations
 19585 | Lair:4   | Reached skill level 11 in Staves
 21640 | Lair:5   | Reached skill level 5 in Evocations
 21839 | Lair:5   | Reached XP level 14. HP: 79/110 MP: 17/17
 21952 | Lair:5   | Found a staircase to the Slime Pits.
 21952 | Lair:5   | Found a viscous altar of Jiyva.
 22421 | Lair:6   | Entered Level 6 of the Lair of Beasts
 22486 | Lair:6   | Got a warped rapier
 22828 | Lair:6   | Reached skill level 12 in Staves
 23087 | Lair:6   | Noticed Kirke
 23306 | Lair:6   | Got a shimmering bronze amulet
 23318 | Lair:6   | Identified the amulet "Cefuiv" {Gourm rPois} (You found it on level 6 of the Lair of Beasts)
 25278 | D:12     | Reached skill level 10 in Armour
 25622 | D:12     | Reached skill level 10 in Dodging
 25983 | D:13     | Identified a scroll of acquirement
 25989 | D:12     | Got a distressingly furry plate armour
 26000 | D:12     | Identified the +3 plate armour "Kerabisamorgh" {rElec} (You acquired it on level 12 of the Dungeon)
 26084 | D:13     | Reached XP level 15. HP: 83/121 MP: 18/18
 26275 | D:13     | Found a glowing silver altar of Zin.
 26497 | D:13     | Noticed Maurice
 26515 | D:13     | Killed Maurice
 27012 | D:14     | Noticed Snorg
 27120 | D:14     | HP: 5/121 [wizard/crystal spear (56)]
 27140 | D:14     | crystal spear ouch
 27291 | D:14     | Killed Snorg
 27501 | D:14     | Got a faintly glowing quarterstaff
 27551 | D:14     | Identified the +3 quarterstaff of the Skies Above {antimagic, Dex+3} (You found it on level 14 of the Dungeon)
 28091 | D:14     | Found a gate to the Vaults.
 28756 | D:15     | Entered Level 15 of the Dungeon
 29321 | D:15     | Reached skill level 13 in Staves
 29325 | D:15     | Reached XP level 16. HP: 93/132 MP: 19/19
 29440 | D:15     | Found a staircase to the Depths.
 29663 | Orc:1    | Entered Level 1 of the Orcish Mines
 29690 | Orc:1    | Noticed Josephine
 29698 | Orc:1    | Killed Josephine
 29824 | Orc:1    | Noticed Fannar
 29861 | Orc:1    | Killed Fannar
 29973 | Orc:1    | holy shit
 29973 | Orc:1    | fucking invincible sun demon
 29976 | Orc:1    | unreal
 29977 | Orc:1    | HP: 1/132 [sun demon[an orc high priest] (6)]
 29978 | Orc:1    | Demolished by a sun demon

Vault maps used:
D:1:      scummos_arrival_gate
D:3:      serial_bayou_lagoon_a
D:4:      led_sif_pool, first_bread
D:5:      tso_oasis_becter, yredelemnul_altar_generic, zin_angel, serial_shops,
          shop_statue, uniq_edmund
D:6:      overflow_temple_1_default, basic_altar, grunt_ministairs_8,
          minmay_crystal_room, nemelex_lonely_heart_becter
D:7:      lemuel_coloured_pillars_altar, lemuel_crystal_altar,
          gammafunk_temple_overflow_pools, minmay_temple_entry_overgrown,
          basic_altar, uniq_crazy_yiuf_cottage
D:9:      hangedman_ranch
D:10:     corexii_leaking_fountain, nicolae_benzene_ring,
          minmay_misc_feat_doors, tso_altar
D:11:     lair_entry_dummy, erik_orc_2, basic_altar, dk_noncrumbling_3
D:12:     dragon1_lemuel, serial_park_tiny_pond, minmay_misc_feat_rows,
          hangedman_misty_isle
D:13:     basic_altar, uniq_maurice
D:14:     hangedman_vaults_entry_quadrant_bands, minmay_misc_feat_more_columns,
          bh_chokoban, uniq_snorg
D:15:     grunt_enter_depths_snipers, minivault_24, dk_noncrumbling_2
Temple:   minmay_temple_bridge_abc
Lair:1:   serial_bayou_shore_a
Lair:2:   elwin_shoals_entry_stream, spider_nest_entry_funnel_web,
          infiniplex_staircase_pool_2, lemuel_fruit_tree
Lair:3:   cheibrodos_magma_flow
Lair:4:   beast_lair_carwin_9
Lair:5:   slime_altar_1, beast_lair_carwin_2
Lair:6:   evilmike_catoblepas_cave, uniq_kirke
Orc:1:    enter_bailey_7, serial_shops, nicolae_shop_trees, minmay_orc_temple_c,
          uniq_josephine, uniq_harold, uniq_fannar

Skill      XL: |  1  2  3  4  5  6  7  8  9 10 11 12 13 14 15 |
---------------+----------------------------------------------+-----
Unarmed Combat | 1 2 3 4 5 6 7 8 |  8.5
Dodging        | 1 2 3 4 6 7 8 10 11 | 11.9
Armour         | 1 2 3 4 6 7 8 10 11 | 11.9
Stealth        | 5 6 |  6.0
Throwing       | 2 3 4 6 7 |  7.2
Staves         | 1 4 7 9 10 11 12 13 | 13.1
Evocations     | 3 5 6 |  6.4
Fighting       | 4 6 8 9 |  9.5
Invocations    | 3 6 |  6.4
Short Blades   | |  1.7

Action                   |  1- 3 |  4- 6 |  7- 9 | 10-12 | 13-15 | 16-18 || total
-------------------------+-------+-------+-------+-------+-------+-------++-------
Melee: Dagger            |    98 |   325 |   190 |       |       |       ||   613
       Punch             |     3 |     3 |    16 |       |       |       ||    22
       Unarmed           |       |       |    81 |       |       |       ||    81
       Quarterstaff      |       |       |   194 |   789 |   408 |       ||  1391
       Hand axe          |       |       |       |     4 |       |       ||     4
       Blowgun           |       |       |       |     1 |       |       ||     1
       Lajatang          |       |       |       |       |   850 |   114 ||   964
 Fire: Blowgun           |    10 |    32 |   104 |   114 |    14 |       ||   274
Throw: Stone             |    31 |    10 |     3 |       |       |       ||    44
       Tomahawk          |       |     1 |     1 |     7 |    86 |     1 ||    96
Invok: Line Pass         |       |       |       |       |     1 |       ||     1
Evoke: Wand              |       |       |     6 |    19 |    19 |    12 ||    56
  Use: Scroll            |     3 |     3 |     5 |    13 |    17 |     6 ||    47
       Potion            |       |       |     1 |     3 |     7 |     4 ||    15
 Stab: Sleeping          |     4 |     5 |     3 |       |       |       ||    12
       Paralysed         |       |       |     4 |    19 |    61 |     7 ||    91
       Distracted        |       |       |     1 |       |       |       ||     1
       Confused          |       |       |       |     3 |     1 |       ||     4
       Petrified         |       |       |       |       |     2 |       ||     2
  Eat: Chunk             |     7 |    20 |    38 |   118 |   211 |    19 ||   413
Armor: Robe              |     6 |       |       |       |       |       ||     6
       Ring mail         |    46 |   123 |   153 |    22 |       |       ||   344
       Chain mail        |       |       |   101 |   413 |   292 |       ||   806
       Plate armour      |       |       |       |       |   294 |    76 ||   370
       Ice dragon scales |       |       |       |       |    11 |       ||    11
Dodge: Dodged            |    51 |   151 |   341 |   431 |   607 |    57 ||  1638
